 Dungeon Crawl Stone Soup version 0.16-a0-4133-g472b14a (webtiles) character file.

1083 MrRokkomies the Insei (level 8, -1/37 HPs)
             Began as a Vine Stalker Transmuter on Mar 3, 2015.
             Was an Initiate of Okawaru.
             Succumbed to poison (a potion of poison)
             ... on level 6 of the Dungeon.
             The game lasted 00:16:07 (4757 turns).

MrRokkomies the Insei (Vine Stalker Transmuter)     Turns: 4757, Time: 00:16:07

Health: -1/37      AC:  2    Str: 15    XL:     8   Next: 30%
Magic:  1/16       EV: 23    Int: 13    God:    Okawaru [......]
Gold:   87         SH:  0    Dex: 20    Spells: 1 memorised, 8 levels left

rFire  . . .     SeeInvis .       - Unarmed
rCold  . . .     Clarity  .     e - melded +0 leather armour
rNeg   . . .     SustAb   +     (shield currently unavailable)
rPois  x         Gourm    .     n - melded +0 helmet
rElec  .         Spirit   +     m - melded +0 cloak
rCorr  .         Warding  .     (gloves currently unavailable)
rMut   .         Stasis   .     (boots currently unavailable)
MR     +....                    (no amulet)
Stlth  ++........               (no ring)
                                h - ring of sustain abilities

@: lethally poisoned (-1 -> -61), spider-form, very slightly contaminated,
somewhat resistant to hostile enchantments, unstealthy
A: (fangs 0), (hooves 0), regeneration 2, magic shield, (antimagic bite), no
device heal 3, rot immunity
a: End Transformation, Renounce Religion


You were on level 6 of the Dungeon.
You worshipped Okawaru.
Okawaru was noncommittal.
You were very hungry.
You were a venomous arachnid creature.
You visited 2 branches of the dungeon, and saw 8 of its levels.

You collected 145 gold pieces.
You spent 58 gold pieces at shops.

Inventory:

Hand weapons
 j - a +0 shortbow
 o - the +9 great sword of Darkness {holy, +Fly rC+ rN+ MP+9 Int+3}
   (You took it off an orc wizard on level 6 of the Dungeon)

   It has been blessed by the Shining One to cause great damage to the undead
   and demons.
   It affects your intelligence (+3).
   It protects you from cold.
   It protects you from negative energy.
   It affects your magic capacity (+9).
   It lets you fly.
Missiles
 b - 39 arrows
 f - 47 stones (quivered)
 i - 20 arrows of dispersal
Armour
 e - a +0 leather armour (melded)
 m - a +0 cloak (melded)
 n - a +0 helmet (melded)
 q - the +1 ring mail "Gaom" {-Cast rPois MP-9 Str+5 SInv}
   (You found it on level 5 of the Dungeon)

   It affects your strength (+5).
   It protects you from poison.
   It affects your magic capacity (-9).
   It enhances your eyesight.
   It prevents spellcasting.
Jewellery
 h - a ring of sustain abilities (left front leg)
Scrolls
 k - a scroll of remove curse
Potions
 g - a potion of restore abilities
 l - a potion of agility {unknown}
 p - 2 potions of poison
Books
 d - a book of Changes

   Spells                             Type                      Level
   a - Beastly Appendage              Transmutation                1
   b - Sticks to Snakes               Transmutation                2
   c - Spider Form                    Transmutation/Poison         3
   d - Ice Form                       Ice/Transmutation            4
   e - Blade Hands                    Transmutation                5
Comestibles
 a - 3 bread rations


   Skills:
 - Level 0.8 Fighting
 * Level 4.2 Dodging
 * Level 7.0 Unarmed Combat
 - Level 2.1 Spellcasting
 - Level 5.3 Transmutations


You had 8 spell levels left.
You knew the following spells:

 Your Spells              Type           Power        Failure   Level  Hunger
b - Spider Form           Trmt/Pois      #.........   50%         3    ####...


Dungeon Overview and Level Annotations

Branches:
Dungeon (7/15)             Temple (1/1) D:4

Altars:
Ashenzari
Fedhas
Nemelex Xobeh
Okawaru
Qazlal
Sif Muna
Trog
Vehumet
Xom
Yredelemnul
Zin
The Shining One

Shops:
D:4 [

Annotations:
D:7 Dowan, Duvessa


Innate Abilities, Weirdness & Mutations

((You have razor-sharp teeth.))
You heal very quickly.
When hurt, damage is shared between your health and your magic reserves.
((Your bite disrupts and absorbs the magic of your enemies.))
Potions and wands cannot restore your health.
You are immune to rotting.
((You have large cloven feet.))


Message History

The killer bee closely misses you.
You hit the killer bee.
The killer bee looks even sicker.
The killer bee is severely wounded.
You feel sick.
You kill the killer bee!
Okawaru accepts your kill. The killer bee completely misses you.
You barely miss the killer bee. Your bite misses the killer bee.
You feel sick. The killer bee stings you!
* * * LOW HITPOINT WARNING * * *
You are more poisoned.
The killer bee poisons you! The killer bee misses you.
You closely miss the killer bee. Your bite misses the killer bee.
* * * LOW HITPOINT WARNING * * *
You feel sick. The killer bee closely misses you.
The killer bee completely misses you.
Drink which item? (? for menu, Esc to quit)
It was a potion of poison.
That liquid tasted very nasty...
You are more poisoned.
You die...

.#...............#
.....######.####.#
)...<######.# #.#
.)...#....#.# #.#
.#...#.#.##.# #.#
.#...#.#.##.# #.#
#........##.# #.#
.........##.# #.#
#.#..##..##.####s#
.........#.....#y#
.#......<#..##.#y...y...#
.......>##..##.#########
.........#..##.##
..>....#........#
...........#.####
...#..##.###.#
...........#.#


You could see 2 killer bees.

Vanquished Creatures
  Grinder (D:3)
  A sky beast (D:6)
  2 orc warriors (D:6)
  A centaur (D:6)
  A killer bee (D:6)
  A crimson imp (D:6)
  Crazy Yiuf (D:2)
  An orc priest (D:6)
  An iguana (D:6)
  2 orc wizards (D:6)
  3 worker ants
  4 gnolls (D:6)
  9 adders
  5 worms
  An adder zombie (D:6)
  An adder skeleton (D:6)
  4 giant geckos
  An ooze (D:2)
  14 orcs
  A ball python (D:3)
  8 bats
  A bat skeleton (D:4)
  7 goblins
  6 hobgoblins
  3 quokkas
  6 giant cockroaches
  A giant gecko zombie (D:5)
  A giant newt (D:3)
  14 jackals
  9 kobolds
  12 rats
123 creatures vanquished.

Notes
Turn   | Place    | Note
--------------------------------------------------------------
     0 | D:1      | MrRokkomies, the Vine Stalker Transmuter, began the quest for the Orb.
     0 | D:1      | Reached XP level 1. HP: 9/9 MP: 3/3
   296 | D:1      | Reached XP level 2. HP: 14/14 MP: 5/5
   855 | D:2      | Reached XP level 3. HP: 12/17 MP: 4/7
   882 | D:2      | Learned a level 3 spell: Spider Form
  1285 | D:2      | Found a glowing golden altar of the Shining One.
  1390 | D:2      | Noticed Crazy Yiuf
  1476 | D:2      | Killed Crazy Yiuf
  1476 | D:2      | Reached skill level 4 in Unarmed Combat
  1476 | D:2      | Reached XP level 4. HP: 17/21 MP: 6/8
  1634 | D:2      | Found a basalt altar of Yredelemnul.
  2367 | D:3      | Reached XP level 5. HP: 25/25 MP: 11/11
  2771 | D:3      | Noticed Grinder
  2789 | D:3      | Paralysed by Grinder for 5 turns
  2806 | D:3      | Killed Grinder
  2806 | D:3      | Reached skill level 5 in Unarmed Combat
  2806 | D:3      | Gained mutation: You heal very quickly. [vine stalker growth]
  2806 | D:3      | Reached XP level 6. HP: 20/29 MP: 6/12
  2878 | D:3      | Gained mutation: You have large cloven feet. [potion of beneficial mutation]
  2983 | D:3      | Found a sparkling altar of Nemelex Xobeh.
  3399 | D:4      | Found a stormy altar of Qazlal.
  3403 | D:4      | Noticed a fire elemental
  3408 | D:4      | Noticed a water elemental
  3408 | D:4      | Noticed an air elemental
  3709 | D:4      | Found Vechalou's Armour Boutique.
  3712 | D:4      | Bought a +0 helmet for 58 gold pieces
  3742 | D:4      | Found a staircase to the Ecumenical Temple.
  3747 | Temple   | Entered the Ecumenical Temple
  3832 | D:4      | Reached XP level 7. HP: 32/32 MP: 14/14
  4166 | D:5      | Entered Level 5 of the Dungeon
  4196 | D:5      | Got a polished ring mail
  4207 | D:5      | Identified the +1 ring mail "Gaom" {-Cast rPois MP-9 Str+5 SInv} (You found it on level 5 of the Dungeon)
  4242 | D:5      | You fall through a shaft for 2 floors!
  4242 | D:7      | Noticed Dowan
  4244 | D:7      | Noticed Duvessa
  4305 | D:6      | Reached skill level 5 in Transmutations
  4323 | D:6      | Reached skill level 6 in Unarmed Combat
  4529 | D:6      | Gained mutation: You have razor-sharp teeth. [vine stalker growth]
  4529 | D:6      | Reached XP level 8. HP: 26/37 MP: 3/16
  4548 | D:6      | Got a twisted great sword
  4551 | D:6      | Identified the +9 great sword of Darkness {holy, +Fly rC+ rN+ MP+9 Int+3} (You took it off an orc wizard on level 6 of the Dungeon)
  4654 | D:6      | Reached skill level 7 in Unarmed Combat
  4682 | D:5      | Found an iron altar of Okawaru.
  4691 | D:5      | Became a worshipper of Warmaster Okawaru
  4757 | D:6      | Succumbed to poison (a potion of poison)

Action                   |  1- 3 |  4- 6 |  7- 9 || total
-------------------------+-------+-------+-------++-------
Melee: Unarmed           |   112 |   204 |   157 ||   473
 Cast: Beastly Appendage |     7 |     7 |       ||    14
       Spider Form       |       |     1 |     3 ||     4
  Use: Scroll            |     1 |     7 |     1 ||     9
       Potion            |       |     2 |     3 ||     5
 Stab: Sleeping          |     2 |       |       ||     2
  Eat: Chunk             |     2 |     8 |     4 ||    14
